MID
LAKE COUNTY CAPTAINS @ BOWLING GREEN HOT RODS
04/17/2024
 
TOP OF THE 1ST
Lake County Captains batting - Pitching for Bowling Green Hot Rods : RHP Bartolo Díaz
Pitching: RHP Bartolo Díaz
Batting: RHB Demontrae Jefferson 0-0: Foul Ball, location: 9LSF
0-1: Ball
1-1: Foul Ball, location: 3FF
1-2: Ball
2-2: Foul Ball, location: 5FF
2-2: Foul Ball, location: 2F
2-2: Ball
3-2: Fly out, F7 (Flyball, 7, EV 93.1 MPH)
Batting: RHB Avery Davis 0-0: Ball
1-0: Ball
2-0: Ball
3-0: Base on Balls
Batting: LHB Mason Sutton 0-0: Called Strike
0-1: Ball
1-1: Ball
Avery Davis is caught stealing 2nd base 2-6
2-1: Swinging Strike
2-2: Strikes out swinging
Top of the 1st over - 0 runs, 0 hits, 0 errors, 0 left on base; Lake County 0 - Bowling Green 0
BOTTOM OF THE 1ST
Bowling Green Hot Rods batting - Pitching for Lake County Captains : RHP Cisco Paschini
Pitching: RHP Cisco Paschini
Batting: RHB Benny Montgomery 0-0: Called Strike
0-1: Foul Ball, location: 3F
0-2: Foul Ball, location: 7LDF
0-2: Ground out 6-3 (Groundball, 6, EV 91.9 MPH)
Batting: RHB Billy Fullerton 0-0: Ball
1-0: Ball
2-0: Fly out, F3 (Line Drive, 34, EV 65.0 MPH)
Batting: RHB Jordan Nwogu 0-0: Swinging Strike
0-1: Foul Ball, location: 9LDF
0-2: Ball
1-2: Ball
2-2: Fly out, F6 (Line Drive, 6, EV 68.8 MPH)
Bottom of the 1st over - 0 runs, 0 hits, 0 errors, 0 left on base; Lake County 0 - Bowling Green 0
TOP OF THE 2ND
Lake County Captains batting - Pitching for Bowling Green Hot Rods : RHP Bartolo Díaz
Batting: RHB Cecil Garrett 0-0: Ball
1-0: Called Strike
1-1: Called Strike
1-2: DOUBLE (Flyball, 8LXD, EV 108.8 MPH)
Batting: RHB Sergio Flores 0-0: Called Strike
0-1: Swinging Strike
0-2: Strikes out swinging
Batting: LHB Bartolo Vega 0-0: Foul Ball, location: 2F
0-1: Ball
1-1: Swinging Strike
1-2: Foul Ball, location: 2F
1-2: Foul Ball, location: 2F
1-2: Ball
2-2: Strikes out swinging
Batting: RHB Brock Purdy 0-0: Swinging Strike
0-1: Ground out 5-3 (Groundball, 56, EV 105.0 MPH)
Top of the 2nd over - 0 runs, 1 hit, 0 errors, 1 left on base; Lake County 0 - Bowling Green 0
BOTTOM OF THE 2ND
Bowling Green Hot Rods batting - Pitching for Lake County Captains : RHP Cisco Paschini
Batting: RHB Ronald Cooper 0-0: Ball
1-0: Ground out 6-3 (Groundball, 56, EV 104.4 MPH)
Batting: SHB Greg Hilton 0-0: Ball
1-0: Ball
2-0: Called Strike
2-1: Ground out 4-3 (Groundball, 4S, EV 85.6 MPH)
Batting: RHB Dave Boyd 0-0: Ball
1-0: Foul Ball, location: 9LSF
1-1: Fly out, F8 (Flyball, 8RD, EV 98.1 MPH)
Bottom of the 2nd over - 0 runs, 0 hits, 0 errors, 0 left on base; Lake County 0 - Bowling Green 0
TOP OF THE 3RD
Lake County Captains batting - Pitching for Bowling Green Hot Rods : RHP Bartolo Díaz
Batting: RHB Jorge Montoya 0-0: DOUBLE (Groundball, 5L, EV 103.8 MPH)
Batting: RHB Jorge Zarate 0-0: Ball
1-0: Ball
2-0: Foul Ball, location: 5FF
2-1: Foul Ball, location: 3F
2-2: Ball
3-2: Strikes out looking
Batting: RHB Demontrae Jefferson 0-0: Called Strike
0-1: Swinging Strike
0-2: Ball
1-2: Strikes out looking
Batting: RHB Avery Davis 0-0: Ball
1-0: Called Strike
1-1: Swinging Strike
1-2: SINGLE (Flyball, 4D, EV 93.1 MPH)
Jorge Montoya to third
Runner from 3rd tries for Home, SAFE, throw by RF to home
Batting: LHB Mason Sutton 0-0: Ball
1-0: Foul Ball, location: 9LSF
1-1: Called Strike
1-2: Foul Ball, location: 2F
1-2: Ball
2-2: Fly out, F2 (Popup, 2LF, EV 87.5 MPH)
Top of the 3rd over - 1 run, 2 hits, 0 errors, 1 left on base; Lake County 1 - Bowling Green 0
BOTTOM OF THE 3RD
Bowling Green Hot Rods batting - Pitching for Lake County Captains : RHP Cisco Paschini
Batting: RHB Carl Hoffman 0-0: Called Strike
0-1: Ball
1-1: Foul Ball, location: 23F
1-2: Ball
2-2: SINGLE (Line Drive, 56D, EV 110.0 MPH)
Batting: RHB Jude Fung 0-0: Bunted foul
0-1: Bunt missed!
0-2: Ball
1-2: Ball
2-2: Ball
3-2: Strikes out swinging
Batting: RHB Pedro Reynoso 0-0: Called Strike
0-1: Foul Ball, location: 9LSF
0-2: Foul Ball, location: 3DF
0-2: Ball
1-2: Ball
2-2: SINGLE (Line Drive, 56D, EV 95.6 MPH)
Carl Hoffman to second
Batting: RHB Benny Montgomery 0-0: Grounds into double play, 4-6-3 (Groundball, 4, EV 82.5 MPH)
Bottom of the 3rd over - 0 runs, 2 hits, 0 errors, 1 left on base; Lake County 1 - Bowling Green 0
TOP OF THE 4TH
Lake County Captains batting - Pitching for Bowling Green Hot Rods : RHP Bartolo Díaz
Batting: RHB Cecil Garrett 0-0: Swinging Strike
0-1: Ground out 5-3 (Groundball, 56, EV 85.6 MPH)
Batting: RHB Sergio Flores 0-0: Ball
1-0: Ball
2-0: Foul Ball, location: 2F
2-1: Swinging Strike
2-2: Strikes out swinging
Batting: LHB Bartolo Vega 0-0: Ball
1-0: Foul Ball, location: 2F
1-1: Fly out, F2 (Popup, 2LF, EV 84.4 MPH)
Top of the 4th over - 0 runs, 0 hits, 0 errors, 0 left on base; Lake County 1 - Bowling Green 0
BOTTOM OF THE 4TH
Bowling Green Hot Rods batting - Pitching for Lake County Captains : RHP Cisco Paschini
Batting: RHB Billy Fullerton 0-0: Called Strike
0-1: Ball
1-1: Foul Ball, location: 3F
1-2: Strikes out swinging
Batting: RHB Jordan Nwogu 0-0: Ball
1-0: Ball
2-0: Called Strike
2-1: Foul Ball, location: 2F
2-2: Ball
3-2: Ground out U3 (Groundball, 3, EV 107.5 MPH)
Batting: RHB Ronald Cooper 0-0: Ball
1-0: Called Strike
1-1: Swinging Strike
1-2: Foul Ball, location: 3DF
1-2: Ball
2-2: Foul Ball, location: 25F
2-2: Fly out, F8 (Line Drive, 78M, EV 101.9 MPH)
Bottom of the 4th over - 0 runs, 0 hits, 0 errors, 0 left on base; Lake County 1 - Bowling Green 0
TOP OF THE 5TH
Lake County Captains batting - Pitching for Bowling Green Hot Rods : RHP Bartolo Díaz
Batting: RHB Brock Purdy 0-0: Ball
1-0: Called Strike
1-1: SINGLE (Groundball, 4D, EV 98.8 MPH)
Batting: RHB Jorge Montoya 0-0: Bunted foul
0-1: Bunted foul
0-2: Foul Ball, location: 3FF
0-2: Ball
1-2: Foul Ball, location: 3SF
1-2: Ball
2-2: Foul Ball, location: 2F
2-2: Ball
3-2: Base on Balls
Brock Purdy to second
Batting: RHB Jorge Zarate 0-0: Ball
1-0: Bunt missed!
1-1: Bunted foul
1-2: DOUBLE (Line Drive, 89D, EV 106.9 MPH)
Brock Purdy scores
Jorge Montoya to third
Pitching: RHP Tommy Leppert
Pinch Runner at 2nd Izaac Pacheco:
Batting: RHB Demontrae Jefferson 0-0: Called Strike
0-1: Ball
1-1: Foul Ball, location: 9LSF
1-2: Fly out, F7 (Flyball, 7S, EV 85.0 MPH)
Batting: RHB Avery Davis 0-0: Called Strike
0-1: Ball
1-1: Ground out 4-3 (Groundball, 4, EV 87.5 MPH)
Batting: LHB Mason Sutton 0-0: Ball
1-0: Called Strike
1-1: Swinging Strike
1-2: Ball
2-2: Foul Ball, location: 7LSF
2-2: Foul Ball, location: 2F
2-2: Strikes out swinging
Top of the 5th over - 1 run, 2 hits, 0 errors, 2 left on base; Lake County 2 - Bowling Green 0
BOTTOM OF THE 5TH
Bowling Green Hot Rods batting - Pitching for Lake County Captains : RHP Cisco Paschini
Now at SS: Izaac Pacheco
Batting: SHB Greg Hilton 0-0: Ball
1-0: DOUBLE (Flyball, 8LXD, EV 111.9 MPH)
Batting: RHB Dave Boyd 0-0: Ball
1-0: Ball
2-0: Ball
3-0: Called Strike
3-1: Foul Ball, location: 9LSF
3-2: Fly out, F4 (Popup, 3D, EV 69.4 MPH)
Batting: RHB Carl Hoffman 0-0: Swinging Strike
0-1: Ball
1-1: Called Strike
1-2: Foul Ball, location: 2LF
1-2: Ball
2-2: Ball
3-2: Strikes out swinging
Batting: RHB Jude Fung 0-0: Called Strike
0-1: Ball
1-1: Swinging Strike
1-2: Strikes out swinging
Bottom of the 5th over - 0 runs, 1 hit, 0 errors, 1 left on base; Lake County 2 - Bowling Green 0
TOP OF THE 6TH
Lake County Captains batting - Pitching for Bowling Green Hot Rods : RHP Tommy Leppert
Batting: RHB Cecil Garrett 0-0: Ball
1-0: DOUBLE (Line Drive, 89M, EV 98.1 MPH)
Batting: RHB Sergio Flores 0-0: Ball
Wild Pitch!
Cecil Garrett to third
1-0: Called Strike
1-1: Ball
2-1: Fly out, F7 (Flyball, 78M, EV 83.8 MPH)
Runner from 3rd tags up, SCORES, throw by LF
Batting: LHB Bartolo Vega 0-0: Foul Ball, location: 2F
0-1: Foul Ball, location: 5DF
0-2: Ground out 5-3 (Groundball, 56, EV 83.8 MPH)
Batting: RHB Brock Purdy 0-0: Ball
1-0: Foul Ball, location: 2F
1-1: Foul Ball, location: 9LSF
1-2: Ground out 6-3 (Groundball, 6, EV 86.9 MPH)
Top of the 6th over - 1 run, 1 hit, 0 errors, 0 left on base; Lake County 3 - Bowling Green 0
BOTTOM OF THE 6TH
Bowling Green Hot Rods batting - Pitching for Lake County Captains : RHP Cisco Paschini
Batting: RHB Pedro Reynoso 0-0: Ball
1-0: Foul Ball, location: 3FF
1-1: Fly out, F9 (Flyball, 9, EV 96.3 MPH)
Pitching: RHP José García
Batting: RHB Benny Montgomery 0-0: Ball
1-0: Ball
2-0: Ball
3-0: Called Strike
3-1: DOUBLE (Line Drive, 89D, EV 111.3 MPH)
Batting: RHB Billy Fullerton 0-0: Ball
1-0: Foul Ball, location: 25F
1-1: Ball
2-1: Called Strike
2-2: Strikes out swinging
Batting: RHB Jordan Nwogu 0-0: Ball
1-0: Ball
2-0: 2-RUN HOME RUN (Flyball, 7D, EV 97.5 MPH), Distance : 371 ft
Batting: RHB Ronald Cooper 0-0: Ball
1-0: Ball
2-0: Ground out 3-1 (Groundball, 34S, EV 82.5 MPH)
Bottom of the 6th over - 2 runs, 2 hits, 0 errors, 0 left on base; Lake County 3 - Bowling Green 2
TOP OF THE 7TH
Lake County Captains batting - Pitching for Bowling Green Hot Rods : RHP Tommy Leppert
Batting: RHB Jorge Montoya 0-0: Foul Ball, location: 9LSF
0-1: Called Strike
0-2: Ball
1-2: Ball
2-2: Fly out, F9 (Line Drive, 9, EV 110.6 MPH)
Batting: LHB Izaac Pacheco 0-0: Ball
1-0: Ground out 4-3 (Groundball, 4, EV 110.6 MPH)
Batting: RHB Demontrae Jefferson 0-0: Ball
1-0: Swinging Strike
1-1: Swinging Strike
1-2: Strikes out looking
Top of the 7th over - 0 runs, 0 hits, 0 errors, 0 left on base; Lake County 3 - Bowling Green 2
BOTTOM OF THE 7TH
Bowling Green Hot Rods batting - Pitching for Lake County Captains : RHP José García
Batting: SHB Greg Hilton 0-0: Foul Ball, location: 7LDF
0-1: Ball
1-1: Foul Ball, location: 7LMF
1-2: Ground out 1-3 (Groundball, 34S, EV 66.9 MPH)
Batting: RHB Dave Boyd 0-0: Called Strike
0-1: Swinging Strike
0-2: Ball
1-2: Ball
2-2: Foul Ball, location: 2F
2-2: Ball
3-2: Foul Ball, location: 9LDF
3-2: Base on Balls
Pinch Hitting: LHB Alan Roden 0-0: Swinging Strike
0-1: Called Strike
0-2: Ball
1-2: Ground out 6-3 (Groundball, 6M, EV 86.9 MPH)
Dave Boyd to second
Pinch Hitting: SHB Rick López 0-0: Called Strike
0-1: Foul Ball, location: 2F
0-2: DOUBLE (Line Drive, 7LS, EV 111.9 MPH)
Dave Boyd scores
Pitching: RHP Héctor Machado
Batting: RHB Pedro Reynoso 0-0: Ball
1-0: Called Strike
1-1: Swinging Strike
1-2: SINGLE (Line Drive, 78S, EV 93.8 MPH)
Rick López to third
Runner from 3rd tries for Home, SAFE, throw by LF to home
Batting: RHB Benny Montgomery 0-0: Called Strike
0-1: Ball
1-1: Ball
2-1: Foul Ball, location: 23F
2-2: Strikes out swinging
Bottom of the 7th over - 2 runs, 2 hits, 0 errors, 1 left on base; Lake County 3 - Bowling Green 4
TOP OF THE 8TH
Lake County Captains batting - Pitching for Bowling Green Hot Rods : RHP Tommy Leppert
Now at 1B: Corbin Smith
Now at SS: Ethan Murray
Batting: RHB Avery Davis 0-0: Ball
1-0: Swinging Strike
1-1: Ball
2-1: Fly out, F9 (Line Drive, 9S, EV 90.6 MPH)
Pitching: LHP Derek Melton
Batting: LHB Mason Sutton 0-0: Called Strike
0-1: Called Strike
0-2: Foul Ball, location: 3SF
0-2: Foul Ball, location: 5SF
0-2: Strikes out swinging
Batting: RHB Cecil Garrett 0-0: Fly out, F8 (Flyball, 8LXD, EV 100.6 MPH)
Top of the 8th over - 0 runs, 0 hits, 0 errors, 0 left on base; Lake County 3 - Bowling Green 4
BOTTOM OF THE 8TH
Bowling Green Hot Rods batting - Pitching for Lake County Captains : RHP Héctor Machado
Batting: RHB Billy Fullerton 0-0: Ball
1-0: Foul Ball, location: 2F
1-1: Swinging Strike
1-2: Ball
2-2: Ground out 5-3 (Groundball, 5L, EV 84.4 MPH)
Batting: RHB Jordan Nwogu 0-0: Ground out 6-3 (Groundball, 6, EV 103.1 MPH)
Batting: RHB Ronald Cooper 0-0: Ground out 4-3 (Groundball, 4, EV 103.1 MPH)
Bottom of the 8th over - 0 runs, 0 hits, 0 errors, 0 left on base; Lake County 3 - Bowling Green 4
TOP OF THE 9TH
Lake County Captains batting - Pitching for Bowling Green Hot Rods : LHP Derek Melton
Pitching: RHP Jordan Wilson
Now in LF: Darren Singleton
Batting: RHB Sergio Flores 0-0: Foul Ball, location: 9LDF
0-1: SINGLE (Line Drive, 8RS, EV 98.1 MPH)
Batting: LHB Bartolo Vega 0-0: Called Strike
0-1: Bunted foul
0-2: Foul Ball, location: 5F
Pickoff Throw to First - Out! 1-3
0-2: Fly out, F5 (Popup, 5SF, EV 49.4 MPH)
Pinch Hitting: LHB Duane Parkinson 0-0: Ball
1-0: Swinging Strike
1-1: Foul Ball, location: 7LSF
1-2: Ball
2-2: Ground out 6-3 (Groundball, 6, EV 99.4 MPH)
Top of the 9th over - 0 runs, 1 hit, 0 errors, 0 left on base; Lake County 3 - Bowling Green 4
Tuesday, April 23rd , 2024 - OOTP Baseball 24.11 Build 85